[Event "82nd Tata Steel Qualifiers 2020"]
[Site "Wijk aan Zee"]
[Date "2020.01.26"]
[Round "9.2"]
[White "Akash G"]
[Black "Pijpers, Arthur"]
[Result "0-1"]
[ECO "C13"]
[WhiteElo "2461"]
[BlackElo "2480"]
[Annotator "ChessBase"]
[PlyCount "92"]
[EventDate "2020.01.18"]
[EventCountry "NED"]
[SourceTitle "playchess.com"]
[Source "ChessBase"]
[SourceQuality "1"]
[TimeControl "40/6000+30:20/3000+30:900+30"]

1. e4 e6 2. d4 d5 3. Nc3 Nf6 4. Bg5 dxe4 5. Nxe4 Be7 6. Bxf6 gxf6 7. Nf3 f5 8. Nc3 a6 9. g3 b5 10. Bg2 Bb7 11. O-O c5 12. Qe1 cxd4 13. Rd1 Bxf3 14. Bxf3 Ra7 15. Ne2 Rd7 16. c3 dxc3 17. Qxc3 O-O 18. Nf4 Qc7 19. Qe3 Qc5 20. Qe2 Rfd8 21. Rc1 Qb4 22. a3 Qd2 23. Rfd1 Qxe2 24. Bxe2 Rxd1+ 25. Rxd1 Rxd1+ 26. Bxd1 Nc6 27. Kg2 Kf8 28. a4 bxa4 29. Bxa4 Nb4 30. Bd1 Bg5 31. Ne2 Ke7 32. f4 Bf6 33. b3 Kd6 34. Kf3 Nd5 35. h3 h5 36. Nc1 Kc5 37. Be2 a5 38. Na2 h4 39. g4 fxg4+ 40. Kxg4 Be7 41. Kf3 f5 42. Ba6 Bd6 43. Nc1 Nxf4 44. Nd3+ Nxd3 45. Bxd3 Kd4 46. Bb5 e5 0-1

[Event "82nd Tata Steel Qualifiers 2020"]
[Site "Wijk aan Zee"]
[Date "2020.01.26"]
[Round "9.4"]
[White "Suleymanli, Aydin"]
[Black "De Boer, Eelke"]
[Result "1/2-1/2"]
[ECO "E62"]
[WhiteElo "2473"]
[BlackElo "2324"]
[Annotator "ChessBase"]
[PlyCount "135"]
[EventDate "2020.01.18"]
[EventCountry "NED"]
[SourceTitle "playchess.com"]
[Source "ChessBase"]
[SourceQuality "1"]
[TimeControl "40/6000+30:20/3000+30:900+30"]

1. d4 Nf6 2. c4 g6 3. g3 Bg7 4. Bg2 O-O 5. Nc3 d6 6. Nf3 Nc6 7. O-O e5 8. dxe5 dxe5 9. Bg5 Be6 10. Qa4 Qc8 11. Rfd1 Nd7 12. e4 Nb6 13. Qc2 Nxc4 14. Nd5 Nb6 15. Rac1 f6 16. Be3 Rf7 17. b4 Bf8 18. a3 Bd6 19. Bxb6 axb6 20. Nxb6 cxb6 21. Rxd6 b5 22. Qc3 Bg4 23. Rd5 Rd7 24. Rxb5 Qd8 25. h3 Be6 26. Bf1 Na7 27. Rc5 Rd1 28. Kg2 b6 29. Rc7 Rxf1 30. Rxa7 Rxc1 31. Rxa8 Qxa8 32. Qxc1 Qxe4 33. Qe3 Bd5 34. Qxe4 Bxe4 35. g4 f5 36. gxf5 gxf5 37. Kg3 f4+ 38. Kg4 h5+ 39. Kxh5 Bxf3+ 40. Kg5 Bg2 41. Kf5 Bxh3+ 42. Kxe5 Bd7 43. Kxf4 Kf7 44. Ke5 Ba4 45. Kd6 b5 46. Ke5 Bc2 47. f4 Ke7 48. Kd4 Kf6 49. Kc3 Ba4 50. Kd4 Kf5 51. Ke3 Bb3 52. Kf3 Ke6 53. Ke4 Kd6 54. Kd4 Bc2 55. Kc3 Bd1 56. Kd4 Ke6 57. Ke4 Bc2+ 58. Kd4 Kf5 59. Ke3 Kg4 60. Kd2 Bb3 61. Ke3 Ba2 62. a4 bxa4 63. Kd4 Kxf4 64. Kc3 a3 65. b5 Bc4 66. Kc2 Bd3+ 67. Kb3 Bxb5 68. Kxa3 1/2-1/2

[Event "82nd Tata Steel Qualifiers 2020"]
[Site "Wijk aan Zee"]
[Date "2020.01.26"]
[Round "9.5"]
[White "Beerdsen, Thomas"]
[Black "Slingerland, Fred"]
[Result "1-0"]
[ECO "B67"]
[WhiteElo "2495"]
[BlackElo "2333"]
[Annotator "ChessBase"]
[PlyCount "75"]
[EventDate "2020.01.18"]
[EventCountry "NED"]
[SourceTitle "playchess.com"]
[Source "ChessBase"]
[SourceQuality "1"]
[TimeControl "40/6000+30:20/3000+30:900+30"]

1. e4 c5 2. Nf3 d6 3. d4 cxd4 4. Nxd4 Nf6 5. Nc3 Nc6 6. Bg5 e6 7. Qd2 a6 8. O-O-O Bd7 9. f4 b5 10. Bxf6 gxf6 11. Kb1 Qb6 12. Nxc6 Bxc6 13. f5 Qc5 14. fxe6 fxe6 15. Bd3 O-O-O 16. Rhf1 Bg7 17. Ne2 Rhe8 18. Nf4 Kb8 19. Qa5 Rd7 20. c3 Bb7 21. Bc2 Qc7 22. Qb4 Bh6 23. Nh5 Bg7 24. Nxf6 Bxf6 25. Rxf6 d5 26. Rf8 Rxf8 27. Qxf8+ Ka7 28. exd5 Rxd5 29. Qf2+ Ka8 30. Rxd5 Bxd5 31. g3 e5 32. Qf5 Qc4 33. Kc1 Qxa2 34. Qxe5 Qc4 35. Bxh7 b4 36. Kd2 a5 37. Bd3 Qb3 38. c4 1-0